 Dungeon Crawl Stone Soup version 0.31-a0-177-g4aa6249778 (webtiles) character file.

Game seed: 13917529962383103689

85 qw the Chopper (level 4, -2/28 HPs)
             Began as a Gargoyle Fighter on June 18, 2023.
             Killed from afar by Grinder (5 damage)
             ... with a puff of flame
             ... while paralysed by Grinder
             ... on level 3 of the Dungeon.
             The game lasted 00:01:04 (2701 turns).

qw the Chopper (Gargoyle Fighter)                   Turns: 2701, Time: 00:01:04

Health: -2/28      AC: 11    Str: 22    XL:     4   Next: 48%
Magic:  4/4        EV:  2    Int:  8    God:
Gold:   52         SH:  0    Dex:  9    Spells: 3/3 levels left

rFire   . . .        Y - +0 war axe
rCold   . . .        c - +0 buckler
rNeg    + + .        b - +0 scale mail
rPois   inf          h - +0 helmet
rElec   +            (no cloak)
rCorr   .            (no gloves)
SInv    .            (no boots)
Will    .....        (no amulet) Stlth
                     j - ring of positive energy
HPRegen 0.24/turn    (no ring)
MPRegen 0.09/turn

%: no passive effects
@: paralysed
A: sickness immunity, AC +3, negative energy resistance 1, electricity
resistance, torment resistance 1, petrification resistance
a: no special abilities


You were on level 3 of the Dungeon.
You visited 1 branch of the dungeon, and saw 3 of its levels.

You collected 115 gold pieces.
You spent 63 gold pieces at shops.


Innate Abilities, Weirdness & Mutations

You are immune to sickness and miasma.
Your stone body is resilient. (AC +3)
You are immune to poison.
You resist negative energy. (rN+)
You are resistant to electric shocks. (rElec)
You are resistant to unholy torment.
You are immune to petrification.


   Skills:
 - Level 3.2 Fighting
 + Level 4.1 Axes
 - Level 3.2 Armour
 - Level 3.2 Shields


You had 3 spell levels left.
You didn't know any spells.
Your spell library was empty.

Inventory:

Hand Weapons
 i - a +0 mace
 Y - a +0 war axe (weapon)
Armour
 b - a +0 scale mail (worn)
 c - a +0 buckler (worn)
 e - a +0 chain mail
 h - a +0 helmet (worn)
Jewellery
 j - a ring of positive energy (left hand)
Scrolls
 o - a scroll of immolation {unknown}
Potions
 a - a potion of resistance {unknown}
 d - 2 potions of might
 f - a potion of ambrosia {unknown}
 g - a potion of degeneration {unknown}
 k - a potion of lignification {unknown}
 l - a potion of curing {unknown}
 m - a potion of mutation {unknown}
 n - a potion of heal wounds {unknown}
 p - a potion of enlightenment {unknown}

Dungeon Overview and Level Annotations

Branches:
Dungeon (3/15)

Altars:
Fedhas

Shops:
D:3 [

Annotations:
D:3 Grinder, Ijyb


Message History

Grinder is lightly wounded.
Grinder zaps a wand.
The puff of flame hits you.
You barely miss Grinder.
Grinder is lightly wounded.
Grinder says, "What is the universe for?"
Grinder hits you.
You closely miss Grinder.
Grinder is lightly wounded.
Grinder misses you. Grinder gestures at you.
You suddenly lose the ability to move!
Grinder hits you but does no damage. Grinder hits you.
You writhe in agony.
You can move again.
You slash Grinder!
Grinder is heavily wounded.
Grinder gestures at you. Pain shoots through your body!
You hit Grinder.
Grinder is severely wounded.
Grinder gestures at you. Pain shoots through your body!
You hit Grinder but do no damage.
Grinder is severely wounded.
Grinder closely misses you.
You closely miss Grinder.
Grinder is severely wounded.
Grinder zaps a wand.
The puff of flame hits you. Grinder hits you but does no damage.
You hit Grinder but do no damage.
Grinder is severely wounded.
Grinder hits you.
You writhe in agony.
You hit Grinder but do no damage.
Grinder is severely wounded.
Grinder gestures at you.
You suddenly lose the ability to move!
Grinder hits you.
You writhe in agony.
Grinder hits you but does no damage.
Grinder zaps a wand.
The puff of flame hits you.
You die...

#..<# #..##...#.#.# #...#
#..##.......# #...#
#..#.......##
##...######....##.###.....
...........(.#.#.## #....
.................# ....
....(......###.#.## ...
##...######....##.###.....
#...# ####.5@....# #.....
..#####.#### #....## #.#
.# #....### #.# .#
.....##.# .# #####.##.##.#
.# ......##.##.# .#
)...........#### ..
)......#.......#


You could see Grinder.

Vanquished Creatures
  2 adders
  4 worms
  3 dart slugs
  An orc (D:3)
  4 bats
  4 endoplasms
  3 giant cockroaches (D:1)
  8 goblins
  5 hobgoblins
  A ball python (D:1)
  A frilled lizard (D:3)
  6 kobolds
  3 rats
45 creatures vanquished.

Notes
Turn   | Place    | Note
-------+----------+-------------------------------------------
     0 | D:1      | qw the Gargoyle Fighter began the quest for the Orb.
     0 | D:1      | Reached XP level 1. HP: 14/14 MP: 1/1
     0 | D:1      | 0 ||| qw: Version: 0.3-a-5-g6f28e65
     0 | D:1      | 0 ||| qw: Game counter: 693
     0 | D:1      | 0 ||| qw: Always use a shield: true
     0 | D:1      | 0 ||| qw: God list: Okawaru
     0 | D:1      | 0 ||| qw: Allow faded altars: false
     0 | D:1      | 0 ||| qw: Do Orc after D:15 true
     0 | D:1      | 0 ||| qw: Do second Lair branch before Depths: true
     0 | D:1      | 0 ||| qw: Lair rune preference: random
     0 | D:1      | 0 ||| qw: Plans: Normal, Zot:1-4, Slime:5, God:TSO, Crypt,
                  | Tomb, Abyss, Pan, Hells, Win
     0 | D:1      | 0 ||| PLANNING D:1-11
    86 | D:1      | Reached skill level 2 in Axes
    86 | D:1      | 86 ||| FLEEEEING.
    87 | D:1      | 87 ||| FLEEEEING.
    88 | D:1      | 88 ||| FLEEEEING.
    89 | D:1      | 89 ||| FLEEEEING.
   166 | D:1      | 166 ||| Stepping ~*~*~tactically~*~*~ (hiding).
   189 | D:1      | Reached XP level 2. HP: 19/19 MP: 2/2
   267 | D:1      | 267 ||| DROPPING +0 club.
   360 | D:1      | 360 ||| Stepping ~*~*~tactically~*~*~ (hiding).
   585 | D:1      | 585 ||| Stepping ~*~*~tactically~*~*~ (hiding).
   849 | D:1      | 849 ||| Stepping ~*~*~tactically~*~*~ (stealth).
   855 | D:1      | Reached skill level 3 in Axes
   856 | D:1      | 856 ||| Stepping ~*~*~tactically~*~*~ (stealth).
   857 | D:1      | 857 ||| Stepping ~*~*~tactically~*~*~ (stealth).
   858 | D:1      | 858 ||| Stepping ~*~*~tactically~*~*~ (stealth).
   859 | D:1      | 859 ||| Stepping ~*~*~tactically~*~*~ (stealth).
   860 | D:1      | 860 ||| Stepping ~*~*~tactically~*~*~ (stealth).
  1091 | D:1      | Reached XP level 3. HP: 23/23 MP: 3/3
  1273 | D:1      | 1273 ||| UPGRADING to +0 helmet.
  1278 | D:1      | 1278 ||| DROPPING ring of wizardry.
  1279 | D:1      | 1279 ||| READING scroll labelled PETHRY ZUJIBISCH.
  1280 | D:1      | 1280 ||| READING scroll labelled DIARRUR LINNELU.
  1281 | D:1      | 1281 ||| READING 2 scrolls labelled NASTRA UDIAT.
  1282 | D:1      | 1282 ||| READING scroll labelled NUHEASK UNOCS.
  1283 | D:1      | 1283 ||| READING scroll labelled NEVUXK SURODGH.
  1288 | D:1      | 1288 ||| DROPPING scroll of revelation.
  1309 | D:2      | Found a blossoming altar of Fedhas.
  2175 | D:2      | 2175 ||| UPGRADING to ring of positive energy.
  2176 | D:2      | 2176 ||| READING scroll labelled NOTELUWNEZ.
  2177 | D:2      | 2177 ||| READING scroll labelled ITADDU YDE SUL.
  2186 | D:3      | Noticed Ijyb
  2187 | D:3      | 2187 ||| Stepping ~*~*~tactically~*~*~ (hiding).
  2188 | D:3      | 2188 ||| Stepping ~*~*~tactically~*~*~ (hiding).
  2189 | D:3      | 2189 ||| Stepping ~*~*~tactically~*~*~ (hiding).
  2195 | D:3      | HP: 5/23 [disintegration (18)]
  2196 | D:3      | 2196 ||| READING scroll of teleportation.
  2297 | D:3      | Reached XP level 4. HP: 28/28 MP: 4/4
  2360 | D:3      | 2360 ||| Stepping ~*~*~tactically~*~*~ (hiding).
  2458 | D:3      | Reached skill level 4 in Axes
  2468 | D:3      | 2468 ||| Stepping ~*~*~tactically~*~*~ (stealth).
  2469 | D:3      | 2469 ||| Stepping ~*~*~tactically~*~*~ (stealth).
  2521 | D:3      | Found Xeasuw's Armour Emporium.
  2534 | D:3      | 2534 ||| BUYING +0 chain mail (63 gold).
  2534 | D:3      | Bought a +0 chain mail for 63 gold pieces
  2534 | D:3      | 2534 ||| SHOPLISTING +0 cloak (63 gold, have 44).
  2534 | D:3      | 2534 ||| SHOPLISTING +0 fire dragon scales "Ohuk" {rF++ rC-
                  | Regen+} (938 gold, have 44).
  2534 | D:3      | 2534 ||| SHOPLISTING +0 plate armour (322 gold, have 44).
  2534 | D:3      | 2534 ||| SHOPLISTING +0 ring mail of cold resistance (154
                  | gold, have 44).
  2534 | D:3      | 2534 ||| SHOPLISTING +2 ring mail of fire resistance (294
                  | gold, have 44).
  2682 | D:3      | Noticed Grinder
  2683 | D:3      | 2683 ||| Stepping ~*~*~tactically~*~*~ (hiding).
  2690 | D:3      | Paralysed by Grinder for 3 turns
  2697 | D:3      | HP: 5/28 [Grinder (6)]
  2698 | D:3      | Paralysed by Grinder for 5 turns
  2699 | D:3      | HP: 2/28 [Grinder (1)]
  2701 | D:3      | Killed from afar by Grinder

Levels and vault maps discovered:
D:1:      arrival_zaba_pyramid, layout_basic
D:2:      layout_basic, basic_altar, minmay_misc_feat_cross,
          minmay_fractal_squares_5
D:3:      layout_loops_cross, serial_shops, shop, uniq_grinder,
          uniq_crazy_yiuf_cottage, uniq_ijyb

Skill      XL: |  1  2  3  4 |
---------------+-------------+-----
Axes           | 2 3 4 |  4.1
Fighting       | |  3.2
Armour         | |  3.2
Shields        | |  3.2

Action                     |  1- 3 |  4- 6 || total
---------------------------+-------+-------++-------
  Melee: War axe           |    78 |    53 ||   131
    Use: Scroll            |     8 |       ||     8
 Armour: Scale mail        |    31 |    23 ||    54
  Dodge: Dodged            |    28 |    19 ||    47
  Block: Buckler           |    13 |     6 ||    19

Table legend:
 A = Non-vault XP
 B = Vault XP
 C = Vault XP percentage of total XP
 D = Non-vault monster count
 E = Vault monster count
 F = Vault count percentage of total count
                 A         B        C        D         E       F
            +---------+---------+-------+---------+---------+-------
      Total |     107 |      15 |  12.3 |      43 |       2 |   4.4
            +---------+---------+-------+---------+---------+-------
        D:1 |      38 |       0 |   0.0 |      19 |       0 |   0.0
        D:2 |      24 |      15 |  38.5 |       9 |       2 |  18.2
        D:3 |      45 |       0 |   0.0 |      15 |       0 |   0.0
            +---------+---------+-------+---------+---------+-------
